 Dungeon Crawl Stone Soup version 0.20.1-1-g8b1a95d (console) character file.

38 bli the Magician (level 3, -2/19 HPs)
             Began as a Gargoyle Fire Elementalist on Aug 19, 2017.
             Killed from afar by an orc wizard (11 damage)
             ... with a magic dart
             ... on level 3 of the Dungeon.
             The game lasted 00:03:50 (1386 turns).

bli the Magician (Gargoyle Fire Elementalist)       Turns: 1386, Time: 00:03:50

Health: -2/19      AC:  6    Str: 11    XL:     3   Next: 43%
Magic:  2/7        EV: 12    Int: 16    God:
Gold:   66         SH:  0    Dex: 10    Spells: 7/8 levels left

rFire    . . .     SeeInvis .   i - +0 club
rCold    . . .     Gourm    .   (no shield)
rNeg     + . .     Faith    .   a - +0 robe
rPois    ∞         Spirit   .   f - +1 hat
rElec    +         Reflect  .   (no cloak)
rCorr    .         Harm     .   (no gloves)
MR       .....                  (no boots)
Stlth    ++........             (no amulet)
Regen    0.1/turn               (no ring)
MPRegen  0.1/turn               (no ring)

@: no status effects
A: negative energy resistance 1, electricity resistance, unbreathing,
petrification resistance, rot immunity, AC +3
a: no special abilities


You were on level 3 of the Dungeon.
You were hungry.

You visited 1 branch of the dungeon, and saw 3 of its levels.

You collected 66 gold pieces.

Inventory:

Hand Weapons
 i - a +0 club (weapon)
Missiles
 j - 2 stones (quivered)
Armour
 a - a +0 robe (worn)
 f - a +1 hat (worn)
Jewellery
 p - an uncursed amulet of regeneration {unknown}
Scrolls
 d - 2 scrolls of identify {unknown}
 e - 2 scrolls of amnesia {unknown}
 k - a scroll of teleportation {unknown}
 l - 2 scrolls of remove curse {unknown}
Potions
 g - a potion of flight {unknown}
 m - a potion of resistance {unknown}
 n - a potion of experience {unknown}
 o - a potion of agility {unknown}
Books
 b - a book of Flames

   Spells                             Type                      Level
   a - Flame Tongue                   Conjuration/Fire             1
   b - Throw Flame                    Conjuration/Fire             2
   c - Conjure Flame                  Conjuration/Fire             3
   d - Inner Flame                    Hexes/Fire                   3
   e - Sticky Flame                   Conjuration/Fire             4
   f - Fireball                       Conjuration/Fire             5
Comestibles
 c - a bread ration
 h - a meat ration


   Skills:
 + Level 0.2 Fighting
 + Level 1.5 Dodging
 - Level 2.1 Stealth
 + Level 3.2 Spellcasting
 + Level 1.2 Conjurations
 + Level 3.2 Fire Magic


You had 7 spell levels left.
You knew the following spells:

 Your Spells              Type           Power        Failure   Level  Hunger
a - Flame Tongue          Conj/Fire      #....        8%          1    None


Dungeon Overview and Level Annotations

Branches:
Dungeon (3/15)

Altars:
Yredelemnul

Annotations:
D:2 Sigmund


Innate Abilities, Weirdness & Mutations

You are resistant to torment.
Your stone body is resilient. (AC +3)
You are immune to poison.
You resist negative energy. (rN+)
You are resistant to electric shocks. (rElec)
You can survive without breathing.
You are immune to petrification.
You are immune to rotting.


Message History

Casting: Flame Tongue
Confirm with . or Enter, or press ? or * to list all spells.
Aiming: Flame Tongue
Press: ? - help, Shift-Dir - straight line, f/p - orc wizard
Aim: an orc wizard, wielding an antimagic dagger and wearing a robe (moderately wounded)
The flame tongue hits the orc wizard.
The orc wizard is heavily wounded.
The quokka closely misses you.
The orc wizard hits you but does no damage.
Casting: Flame Tongue
Confirm with . or Enter, or press ? or * to list all spells.
Aiming: Flame Tongue
Press: ? - help, Shift-Dir - straight line, f/p - orc wizard
Aim: an orc wizard, wielding an antimagic dagger and wearing a robe (heavily wounded)
The flame tongue misses the orc wizard.
The quokka bites you but does no damage.
The orc wizard points at you and mumbles some strange words.
The magic dart hits you!
Ouch! That really hurt!
You die...

### ##.##
#@<.#
#oor........
#...#...##....
.........##
### #.##.###..
. .. #### ##


You could see an orc wizard, an orc and a quokka.

Vanquished Creatures
  An adder (D:2)
  An ooze (D:1)
  2 leopard geckos (D:1)
  An orc (D:3)
  2 gnoll zombies (D:2)
  3 goblins (D:1)
  A hobgoblin (D:1)
  2 jackals (D:1)
  5 kobolds (D:1)
  2 frilled lizards (D:1)
  A rat (D:1)
21 creatures vanquished.

Notes
Turn   | Place    | Note
-------+----------+-------------------------------------------
     0 | D:1      | bli the Gargoyle Fire Elementalist began the quest for the Orb.
     0 | D:1      | Reached XP level 1. HP: 10/10 MP: 3/3
   457 | D:1      | Reached XP level 2. HP: 15/15 MP: 1/5
  1070 | D:1      | Reached XP level 3. HP: 19/19 MP: 4/7
  1220 | D:2      | Found a basalt altar of Yredelemnul.
  1310 | D:2      | Noticed Sigmund
  1386 | D:3      | Killed from afar by an orc wizard

Skill      XL: |  1  2 |
---------------+-------+-----
Spellcasting   | 3 |  3.2
Fighting       | |  0.2
Dodging        | |  1.5
Stealth        | |  2.1
Conjurations   | |  1.2
Fire Magic     | |  3.2

Action                   || total
-------------------------++-------
Melee: Unarmed           ||     5
       Club              ||     8
 Cast: Flame Tongue      ||    40
  Eat: Chunk             ||     1
Armor: Robe              ||    11
Dodge: Dodged            ||    29
